 Dungeon Crawl Stone Soup version 0.18.1-48-g4cf74bf (webtiles) character file.

35 MaCx the Magician (level 3, -2/19 HPs)
             Began as a Gargoyle Wizard on Aug 29, 2016.
             Slain by Robin
             ... wielding a +2 short sword of draining
              (7 damage)
             ... on level 1 of the Dungeon.
             The game lasted 00:08:48 (1284 turns).

MaCx the Magician (Gargoyle Wizard)                 Turns: 1284, Time: 00:08:48

Health: -2/19      AC:  5    Str: 10    XL:     3   Next: 35%
Magic:  3/8        EV: 11    Int: 19    God:
Gold:   72         SH:  0    Dex:  8    Spells: 3 memorised, 3 levels left

rFire  . . .     SeeInvis .     (no weapon)
rCold  . . .     Gourm    .     a - +0 robe
rNeg   + . .     Faith    .     (no shield)
rPois  ∞         Spirit   .     b - +0 hat
rElec  +         Dismiss  .     (no cloak)
rCorr  .         Reflect  .     (no gloves)
SustAt .         Harm     .     (no boots)
MR     .....                    (no amulet)
Stlth  ++........               (no ring)
                                (no ring)

@: not resistant to hostile enchantments, unstealthy
A: negative energy resistance 1, electricity resistance, unbreathing,
petrification resistance, rot immunity, AC +3
a: no special abilities


You were on level 1 of the Dungeon.
You were not hungry.

You visited 1 branch of the dungeon, and saw 2 of its levels.

You collected 72 gold pieces.

Inventory:

Armour
 a - a +0 robe (worn)
 b - a +0 hat (worn)
Jewellery
 i - an uncursed ring of poison resistance {unknown}
 n - an uncursed ring of poison resistance {unknown}
Scrolls
 e - 2 scrolls of blinking
 h - a scroll of immolation {unknown}
 m - a scroll of teleportation {unknown}
 p - a scroll of amnesia {unknown}
Potions
 f - a potion of degeneration {unknown}
 g - a potion of brilliance {unknown}
 k - 2 potions of curing {unknown}
 l - a potion of beneficial mutation {unknown}
 o - a potion of agility {unknown}
Books
 c - a book of Minor Magic

   Spells                             Type                      Level
   a - Magic Dart                     Conjuration                  1
   b - Blink                          Translocation                2
   c - Call Imp                       Summoning                    2
   d - Repel Missiles                 Charms/Air                   2
   e - Slow                           Hexes                        2
   f - Conjure Flame                  Conjuration/Fire             3
   g - Mephitic Cloud                 Conjuration/Poison/Air       3
Comestibles
 d - 2 bread rations
 j - a meat ration


   Skills:
 - Level 1.5 Dodging
 - Level 2.1 Stealth
 + Level 3.5 Spellcasting
 + Level 2.5 Conjurations
   Level 0.8 Summonings
 - Level 0.8 Translocations


You had 3 spell levels left.
You knew the following spells:

 Your Spells              Type           Power        Failure   Level  Hunger
a - Magic Dart            Conj           ##..         8%          1    None
b - Blink                 Tloc           N/A          17%         2    ##.....
c - Mephitic Cloud        Conj/Pois/Air  #.......     34%         3    ###....


Dungeon Overview and Level Annotations

Branches:
Dungeon (2/15)

Altars:

Annotations:
D:1 Robin


Innate Abilities, Weirdness & Mutations

You are resistant to torment.
Your stone body is resilient (AC +3).
You are immune to poison.
You resist negative energy.
You are resistant to electric shocks.
You can survive without breathing.
You are immune to petrification.
You are immune to rotting.


Message History

Robin says, "My goblins will feast on your bones."
You see here 23 stones.
You hit Robin but do no damage. Robin barely misses you.
You hit Robin but do no damage.
Robin hits you with a short sword of draining.
You closely miss Robin. Robin hits you but does no damage.
You barely miss Robin.
Robin hits you with a short sword of draining.
You hit Robin but do no damage.
Robin hits you with a short sword of draining.
You hit Robin but do no damage. Robin hits you but does no damage.
You closely miss Robin. Robin hits you but does no damage.
You closely miss Robin.
Robin hits you with a short sword of draining!
* * * LOW HITPOINT WARNING * * *
You closely miss Robin. Robin hits you but does no damage.
You hit Robin.
Robin is lightly wounded.
Robin hits you with a short sword of draining!
You die...

#.......###..# #########..#÷
#.......# #.## #.....g..
#.......###.# ###(##.#.(
#........##.# #...##.#>#
#......#..#.#### #.........
#..............#########..#..##..
#......#.....#.......#...##.##...
#......#(###...#####.#..###.##...
#......#.# ###..@g.(......#.##...
####.###.# ########.###...##...
#..# #.# #.# ##..##... #.####.#
##.####....... ###.# #..#
#.......)###.. ....###.###
#.###......... .####.....# #.#
##........ .# #...(.# #.#
#........ .# #.....# #.#
#.##.....


You could see Robin.

Vanquished Creatures
  A giant gecko (D:1)
  A giant cockroach (D:2)
  3 hobgoblins (D:1)
  4 jackals
  A ball python (D:1)
  2 bats (D:1)
  2 giant newts (D:1)
  12 goblins
  2 kobolds (D:1)
  4 rats (D:1)
32 creatures vanquished.

Notes
Turn   | Place    | Note
--------------------------------------------------------------
     0 | D:1      | MaCx the Gargoyle Wizard began the quest for the Orb.
     0 | D:1      | Reached XP level 1. HP: 10/10 MP: 4/4
   280 | D:2      | Reached XP level 2. HP: 12/15 MP: 3/6
   284 | D:2      | Learned a level 2 spell: Blink
   992 | D:1      | Reached XP level 3. HP: 16/19 MP: 4/7
  1067 | D:1      | Learned a level 3 spell: Mephitic Cloud
  1187 | D:2      | Noticed Robin
  1284 | D:1      | Slain by Robin

Skill      XL: |  1  2 |
---------------+-------+-----
Conjurations   | 2 |  2.5
Dodging        | |  1.5
Stealth        | |  2.1
Spellcasting   | |  3.5
Summonings     | |  0.8
Translocations | |  0.8

Action                   || total
-------------------------++-------
Melee: Unarmed           ||    37
 Cast: Magic Dart        ||    60
       Blink             ||     4
  Use: Scroll            ||     1
  Eat: Chunk             ||     1
Armor: Robe              ||    32
Dodge: Dodged            ||    50
